 Dungeon Crawl Stone Soup version 0.27.1-35-g4d5d836560 (webtiles) character file.

Game seed: 14894690421142390575

2338 Delamore the Covert (level 9, -3/58 HPs)
             Began as an Octopode Brigand on Apr 21, 2022.
             Was an Initiate of Gozag.
             Killed themself with a badly aimed iceblast (10 damage)
             ... on level 7 of the Dungeon.
             The game lasted 00:07:45 (8514 turns).

Delamore the Covert (Octopode Brigand)              Turns: 8514, Time: 00:07:45

Health: -3/58      AC:  1    Str: 11    XL:     9   Next: 43%
Magic:  0/18       EV: 14    Int: 13    God:    Gozag
Gold:   321        SH:  0    Dex: 16    Spells: 8/8 levels left

rFire    . . .     SeeInvis .   q - +2 dagger (freeze)
rCold    . . .     Faith    .   (no shield)
rNeg     . . .     Spirit   +   (helmet restricted)
rPois    .         Reflect  .   s - amulet of guardian spirit
rElec    .         Harm     .   o - ring of magical power
rCorr    .         Rampage  .   A - ring of flight
Will     .....                  (no ring)
Stlth    +++++.....             (no ring)
HPRegen  0.19/turn              (no ring)
MPRegen  0.16/turn              (no ring)
                                (no ring)
                                (no ring)

@: gold aura, flying
A: almost no armour, amphibious, 8 rings, camouflage 1, gelatinous body 1,
(nimble swimmer 1), tentacles
a: Renounce Religion, Potion Petition, Call Merchant, Bribe Branch


You were on level 7 of the Dungeon.
You worshipped Gozag.
Gozag was aware of your devotion.
You visited 2 branches of the dungeon, and saw 8 of its levels.
You also visited: Sewer.

You collected 400 gold pieces.
You paid 79 gold pieces to Gozag.

Inventory:

Hand Weapons
 a - a +2 dagger
 n - a +1 dagger of venom
 q - a +2 dagger of freezing (weapon)
Missiles
 b - 30 poisoned darts (quivered)
 w - 4 javelins
 x - 9 boomerangs
Jewellery
 o - a ring of magical power (left tentacle)
 s - an amulet of guardian spirit (around mantle)
 A - a ring of flight (right tentacle)
Wands
 c - a wand of mindburst (15)
 p - a wand of paralysis (9)
 y - a wand of digging (6)
 z - a wand of iceblast (13)
Scrolls
 d - 3 scrolls of fog
 g - a scroll of immolation
 h - 2 scrolls of enchant armour
 i - 2 scrolls of magic mapping
 j - 4 scrolls of fear
 k - 4 scrolls of blinking
 t - 2 scrolls of holy word
 u - 2 scrolls of teleportation
 v - a scroll of vulnerability
 C - a scroll of identify
Potions
 e - 2 potions of haste
 f - a potion of brilliance
 l - 5 potions of flight
 m - a potion of cancellation
 r - a potion of attraction {unknown}
 B - a potion of mutation {unknown}


   Skills:
 + Level 3.7 Fighting
 - Level 10.0 Short Blades
 - Level 2.0 Throwing
 + Level 3.2 Dodging
 - Level 10.0 Stealth


You had 8 spell levels left.
You didn't know any spells.
Your spell library contained the following spells:

 Spells                   Type           Power      Damage    Failure   Level
 Inner Flame              Hex/Fire       0%         N/A       67%         3
 Tukima's Dance           Hex            0%         N/A       67%         3
 Cause Fear               Hex            0%         N/A       97%         4
 Passage of Golubria      Tloc           N/A        N/A       97%         4
 Summon Forest            Summ/Tloc      0%         N/A       100%        5
 Summon Mana Viper        Hex/Summ       0%         N/A       100%        5
 Yara's Violent Unravell  Hex/Tmut       0%         3d3       100%        5
 Shadow Creatures         Summ           N/A        N/A       100%        6
 Discord                  Hex            0%         N/A       100%        8


Dungeon Overview and Level Annotations

Branches:
Dungeon (7/15)             Temple (1/1) D:6           Sewer (visited)

Altars:
Ashenzari
Cheibriados
Elyvilon
Gozag
Xom
Zin


Innate Abilities, Weirdness & Mutations

You cannot wear most types of armour.
You are amphibious.
You can wear up to eight rings at the same time.
Your skin changes colour to match your surroundings (Stealth+).
Your rubbery body absorbs attacks. (AC +1, EV +1)
((You are camouflaged near water. (Stealth+)))
You have tentacles for arms and can constrict up to eight enemies at once.


Message History

The orc warrior barely misses you.
You are too injured to fight recklessly!
You are too injured to fight recklessly!
You are too injured to fight recklessly!
You are too injured to fight recklessly!
You are too injured to fight recklessly!
You are too injured to fight recklessly!
You are too injured to fight recklessly!
You are too injured to fight recklessly!
You are too injured to fight recklessly!
You are too injured to fight recklessly!
You are too injured to fight recklessly!
You hit the orc wizard. You freeze the orc wizard. You grab the orc wizard.
The orc wizard is lightly wounded.
You constrict the orc warrior, but do no damage.
You constrict the orc wizard. You hit the orc wizard.
You freeze the orc wizard.
The orc wizard is moderately wounded.
You constrict the orc warrior, but do no damage.
You constrict the orc wizard, but do no damage.
The orc hits you with a +0 whip.
The orc wizard mumbles some strange words.
The orc wizard flickers and vanishes!
Deactivating autopickup; reactivate with Ctrl-A.
The orc warrior hits you with a +0 battleaxe!!
* * * LOW HITPOINT WARNING * * *
You release your grip on the orc warrior.
You release your grip on something.
You don't know any spells.
Unknown command.
Aiming: Iceblast
Press: ? - help, Shift-Dir - straight line, f - orc warrior
Aim: an orc warrior, wielding a +0 battleaxe and wearing a +0 plate armour (heavily wounded)
The mass of ice explodes!
The iceblast engulfs something!
Reactivating autopickup.
You feel a bit more experienced.
The iceblast engulfs the orc!
You kill the orc!
The iceblast engulfs you!
You die...
Your body crumbles into a pile of gold.

##............###
#................
###..............
##.............
###.............
.##
###...####........
....###...###
###......
........###
#####..
.......@### ###
#......$$.#
.......o...#
.#..........#
#..........#
##........##
##.... ###....###
##..... ######
##...... ........


You could see an orc warrior.

Vanquished Creatures
  Grinder (D:3)
  A steam dragon (D:7)
  A water moccasin (D:5)
  2 black bears
  An orc warrior (D:7)
  2 ogres
  A necrophage (D:4)
  A centaur (D:6)
  A bullfrog (D:6)
  7 scorpions
  2 howler monkeys
  2 hounds
  An orc priest (D:6)
  A bullfrog zombie (D:6)
  2 centaur skeletons
  A bullfrog skeleton (D:6)
  A scorpion zombie (D:5)
  3 iguanas
  7 orc wizards
  A hound skeleton (D:4)
  A mummy (D:3)
  Robin (D:3)
  11 adders
  A river rat (D:3)
  2 white imps (D:5)
  7 worms
  2 dart slugs
  17 orcs
  10 ball pythons
  19 bats
  11 endoplasms
  11 giant cockroaches
  16 goblins
  9 hobgoblins
  5 jackals
  6 quokkas
  2 frilled lizards (Sewer)
  12 kobolds
  3 rats
185 creatures vanquished.

Vanquished Creatures (others)
  A hobgoblin (D:4)
  4 fungi (D:5)
5 creatures vanquished.

Grand Total: 190 creatures vanquished

Notes
Turn   | Place    | Note
-------+----------+-------------------------------------------
     0 | D:1      | Delamore the Octopode Brigand began the quest for the Orb.
     0 | D:1      | Reached XP level 1. HP: 14/14 MP: 1/1
   275 | D:1      | Reached XP level 2. HP: 19/19 MP: 2/2
   688 | D:1      | Found a faded altar of an unknown god.
   715 | D:2      | Reached XP level 3. HP: 20/24 MP: 3/3
  1161 | D:2      | Reached XP level 4. HP: 29/29 MP: 4/4
  1634 | D:3      | Found a glowing drain.
  1638 | Sewer    | Entered a sewer
  1644 | Sewer    | Reached XP level 5. HP: 24/34 MP: 5/5
  2481 | D:3      | Found a snail-covered altar of Cheibriados.
  2927 | D:4      | Noticed Robin
  3478 | D:3      | Killed Robin
  3479 | D:3      | Reached skill level 5 in Short Blades
  3600 | D:4      | Noticed Grinder
  3678 | D:3      | Killed Grinder
  3679 | D:3      | Reached XP level 6. HP: 13/39 MP: 6/6
  4001 | D:4      | Reached XP level 7. HP: 45/45 MP: 7/7
  4051 | D:4      | Found a broken altar of Ashenzari.
  4841 | D:5      | Entered Level 5 of the Dungeon
  4899 | D:5      | Reached XP level 8. HP: 50/50 MP: 8/8
  5622 | D:5      | Found a glowing silver altar of Zin.
  5623 | D:5      | Noticed an angel
  6212 | D:6      | Reached skill level 10 in Stealth
  6479 | D:6      | Reached XP level 9. HP: 46/54 MP: 9/9
  6767 | D:6      | Reached skill level 10 in Short Blades
  7013 | D:6      | Found a staircase to the Ecumenical Temple.
  7095 | Temple   | Entered the Ecumenical Temple
  7158 | Temple   | Became a worshipper of Gozag Ym Sagoz the Greedy
  7902 | D:7      | HP: 2/55 [steam dragon (2)]
  8514 | D:7      | Killed themself with a badly aimed iceblast

Illustrated notes

Levels and vault maps discovered:
D:1:      dpeg_arrival_windows_large_door, layout_loops_cross,
          shapermc_ecumenical_altar_mp_urbaneastern
D:2:      layout_basic, kennysheep_another_room, minmay_misc_feat_chi,
          minmay_worlds_worst_comb
D:3:      layout_basic, slow_altar_1, gup_sewer_entry_spiral
D:4:      layout_cave_pools, mainiacjoe_overflow_paths, minmay_pentangle,
          uniq_robin, uniq_grinder
D:5:      old_forge, layout_basic, zin_angel, nicolae_overflow_hidden_temple
D:6:      layout_basic, minmay_temple_entry_nine_rooms
D:7:      layout_cave_pods, beargit_hepliaklqana_dungeon_heroes
Temple:   nicolae_temple_figure_zero

Skill      XL: |  1  2  3  4  5  6  7  8  9 |
---------------+----------------------------+-----
Short Blades   | 3 4 5 6 7 9 10 | 10.0
Stealth        | 6 7 8 10 | 10.0
Dodging        | 3 |  3.2
Fighting       | 3 |  3.7
Throwing       | |  2.0

Action                   |  1- 3 |  4- 6 |  7- 9 || total
-------------------------+-------+-------+-------++-------
Melee: Dagger            |    52 |   133 |   253 ||   438
       Constrict         |     8 |    25 |    41 ||    74
       Tentacles         |     6 |    23 |    55 ||    84
Throw: Dart              |       |     7 |     2 ||     9
Evoke: Wand              |       |       |     3 ||     3
  Use: Scroll            |     1 |     4 |     5 ||    10
       Potion            |       |     2 |     2 ||     4
 Stab: Sleeping          |    16 |    26 |    19 ||    61
       Distracted        |       |     2 |     1 ||     3
Armor: Skin              |       |    13 |    14 ||    27
Dodge: Dodged            |    14 |    64 |   110 ||   188
